Cogmind - Beta 13 @@@ ROGUE MODE // 2024.05.30 @ 23:27:18 Player: Blitzedlegend Result: Destroyed by AB-8LM(R) with Subdweller Laser Performance ------------- Evolutions (0) 0 Regions Visited (3) 600 Robots Destroyed (18) 90 Value Destroyed (495) 495 Prototype IDs (0) 0 Alien Tech Used (0) 0 Bonus (-67) -67 TOTAL SCORE: 1118 Bonus ------- Friendly Fire -67 Cogmind --------- Core Integrity 0/250 Matter 235/300 Energy 250/250 System Corruption 3% Temperature Cool (6) Movement Core (400) Ox7 Location -10/Subcaves Parts ------- > --- POWER (1) -------- (None) > --- PROPULSION (2) --- (None) > --- UTILITY (2) ------ Medium Storage Unit Medium Battery > --- WEAPON (2) ------- Grenade Launcher Subdweller Shrapnel Launcher > --- INVENTORY (10) --- Light Ion Engine Heat Sink Sensor Array Targeting Computer Scrap Shield Mining Laser Peak State ------------ > --- POWER ------------ Light Ion Engine > --- PROPULSION ------- Aluminum Leg Aluminum Leg > --- UTILITY ---------- Medium Storage Unit Medium Matter Pod > --- WEAPON ----------- Rocket Launcher Mining Laser > --- INVENTORY -------- Light Ion Engine Heat Sink Medium Battery Sensor Array Targeting Computer Scrap Shield Assault Rifle Light Assault Rifle Grenade Launcher [Rating: 9] Favorites ----------- Power Light Ion Engine Engine Light Ion Engine Propulsion Aluminum Leg Leg Aluminum Leg Utility Medium Matter Pod Storage Medium Matter Pod Weapon Assault Rifle Ballistic Gun Assault Rifle Launcher Rocket Launcher Special Weapon Mining Laser Build | -11 -10 -10 -10 ------- Run | Yrd Mat Min Sub Slots Evolved . | . . . . Power . | . . . . Propulsion . | . . . . Utility . | . . . . Weapon . | . . . . Parts Attached 14 | 6 . 4 4 Power 1 | 1 . . . Engine 1 | 1 . . . Core . | . . . . Reactor . | . . . . Propulsion 3 | 2 . 1 . Treads . | . . . . Leg 3 | 2 . 1 . Wheel . | . . . . Hover . | . . . . Flight . | . . . . Utility 3 | 1 . 1 1 Device . | . . . . Storage 3 | 1 . 1 1 Processor . | . . . . Hackware . | . . . . Protection . | . . . . Artifact . | . . . . Weapon 7 | 2 . 2 3 Energy Gun . | . . . . Energy Cannon . | . . . . Ballistic Gun 3 | 2 . . 1 Ballistic Cannon . | . . . . Launcher 3 | . . 1 2 Special Weapon 1 | . . 1 . Impact Weapon . | . . . . Slashing Weapon . | . . . . Piercing Weapon . | . . . . Special Melee Weapon . | . . . . Unidentified Prototypes . | . . . . Parts Lost 6 | . . . 6 Power 1 | . . . 1 Propulsion 2 | . . . 2 Utility 1 | . . . 1 Weapon 2 | . . . 2 Highest Loss Streak 5 | . . . 5 To Critical Strikes . | . . . . Average Slot Usage (%) 89 | . 85 91 91 Engine 13 | . 14 14 12 Leg 27 | . 28 28 25 Storage 19 | . 14 19 24 Ballistic Gun 11 | . 28 4 4 Launcher 7 | . . 10 14 Special Weapon 8 | . . 13 7 Naked Turns . | . . . . Heaviest Build 23 | 9 9 20 23 Greatest Support 20 | 20 20 20 20 Greatest Overweight (x) 7 | . . . 7 Average Overweight (x) . | . . . . Largest Inventory Capacity 10 | 5 5 10 10 Average Capacity 6 | 5 5 7 10 Most Carried 10 | 4 5 9 10 Average Carried 4 | 1 2 5 9 Final Capacity 10 | 5 5 10 10 Final Carried 9 | 2 5 9 7 Class Distribution -------------------- 100% | Mutant Dominant Class ---------------- Mutant | -10/Materials Mutant | -10/Mines Mutant | -10/Subcaves Resources | -11 -10 -10 -10 ----------- Run | Yrd Mat Min Sub Matter Collected 569 | 389 37 59 84 Remotely . | . . . . Salvage Created 384 | 60 90 . 234 Parts 32 | 3 11 . 18 Haulers Intercepted . | . . . . Recyclers Shooed . | . . . . Parts Field Recycled . | . . . . Retrieved Matter . | . . . . Parts Self-Destructed . | . . . . Prevented . | . . . . Kills | -11 -10 -10 -10 ------- Run | Yrd Mat Min Sub Combat Hostiles Destroyed 17 | 1 6 . 10 Guns 7 | 1 6 . . AOE 10 | . . . 10 Classes Destroyed 4 | 2 1 . 1 Worker 1 | 1 . . . Swarmer 6 | . 6 . . Grunt 1 | 1 . . . Subdweller 10 | . . . 10 Best Kill Streak 7 | 1 3 . 7 Combat Bots Only 7 | 1 3 . 7 Max Kills in Single Turn 3 | 1 1 . 3 Gunslinging . | . . . . Exploded 3 | . . . 3 Melee . | . . . . Uniques/NPCs Destroyed . | . . . . Combat | -11 -10 -10 -10 -------- Run | Yrd Mat Min Sub Hostile Shots Fired 58 | 4 32 . 22 Missed 15 | 1 8 . 6 Damage Taken 864 | 33 190 . 641 Core 252 | 12 43 . 197 Absorbed by Shields . | . . . . Core Remaining (%) 95 | 95 . . . Volleys Fired 50 | 5 22 10 13 Largest 2 | 2 2 1 2 Hottest 100 | 40 40 100 70 Shots Fired 81 | 10 44 10 17 Gun 58 | 10 44 . 4 Cannon . | . . . . Launcher 13 | . . . 13 Special 10 | . . 10 . Kinetic 59 | 10 44 . 5 Thermal 10 | . . 10 . Explosive 12 | . . . 12 Electromagnetic . | . . . . Robot Hit Streak 10 | 3 3 . 10 Robot Miss Streak 3 | 1 3 . 1 Penetration Max . | . . . . Secondary Targets . | . . . . Shots Hit Robots 37 | 6 19 . 12 Core Hits 32 | 3 7 . 22 Critical Kills . | . . . . Critical Parts Destroyed . | . . . . Critical Strikes . | . . . . Melee Attacks . | . . . . Impact . | . . . . Slashing . | . . . . Piercing . | . . . . Sneak Attacks . | . . . . Combat Hostiles . | . . . . Follow-up Attacks . | . . . . Damage Inflicted 1787 | 80 280 . 1427 Guns 402 | 80 280 . 42 Cannons . | . . . . Explosions 1385 | . . . 1385 Melee . | . . . . Ramming . | . . . . Kinetic 403 | 80 280 . 43 Thermal . | . . . . Explosive 1384 | . . . 1384 Electromagnetic . | . . . . Impact . | . . . . Slashing . | . . . . Piercing . | . . . . Highest Corruption 3 | . . . 3 Average Corruption 3 | . . . 3 Corruption Purged . | . . . . Corruption Blocked . | . . . . Overload Shots . | . . . . Overflow Damage 7 | . . . 7 Projectiles . | . . . . Explosions 7 | . . . 7 Melee . | . . . . Knockbacks . | . . . . Impact . | . . . . Kinetic . | . . . . Secondary . | . . . . Self-Inflicted Damage 62 | . . . 62 Shots 2 | . . . 2 Rammed . | . . . . Targets Rammed . | . . . . Kicked . | . . . . Crushed . | . . . . Highest Temperature 126 | . . 126 . Average Temperature 57 | . . 57 . Received Heat Transfer 72 | 18 . . 54 Siege Activations . | . . . . Robots Corrupted . | . . . . Combat Hostiles . | . . . . Parts Fried . | . . . . Impact Corruptions . | . . . . Robots Melted . | . . . . Combat Hostiles . | . . . . Parts Melted . | . . . . Heat Transferred . | . . . . Parts Sabotaged . | . . . . Parts Stolen . | . . . . Parts Stripped . | . . . . Power Chain Reactions . | . . . . Alert | -11 -10 -10 -10 ------- Run | Yrd Mat Min Sub Peak Influence 170 | 25 170 67 . Initial 66 | . . 66 . Average 45 | 18 61 66 . Maximum Alert Level . | . . . . Low Security (%) 100 | 100 100 100 . Level 1 . | . . . . Level 2 . | . . . . Level 3 . | . . . . Level 4 . | . . . . Level 5 . | . . . . High Security . | . . . . Max Security . | . . . . Squads Dispatched . | . . . . Investigation . | . . . . Extermination . | . . . . Reinforcement . | . . . . Assault . | . . . . Garrison . | . . . . Intercept . | . . . . Searches Triggered . | . . . . Construction Impeded . | . . . . Haulers Reinforced . | . . . . Active Scanning Responses . | . . . . Cargo Convoy Interrupts . | . . . . Stealth | -11 -10 -10 -10 --------- Run | Yrd Mat Min Sub Distress Signals 1 | . 1 . . Communications Jammed . | . . . . Distress Signals . | . . . . Times Spotted 32 | 1 13 . 18 Peak Tracking Total 12 | 1 4 . 12 Tactical Retreats . | . . . . Traps | -11 -10 -10 -10 ------- Run | Yrd Mat Min Sub Traps Triggered . | . . . . Indirectly . | . . . . Trap Hack Attempts . | . . . . Triggered . | . . . . Disarmed . | . . . . Reprogrammed . | . . . . Reused . | . . . . Traps Extracted . | . . . . Installed . | . . . . Triggered . | . . . . Machines | -11 -10 -10 -10 ---------- Run | Yrd Mat Min Sub Machines Disabled . | . . . . Max in Single Turn . | . . . . Machines Repaired . | . . . . Machines Dismantled . | . . . . Machines Sabotaged . | . . . . Overloaded Fab Kills . | . . . . Hacking | -11 -10 -10 -10 --------- Run | Yrd Mat Min Sub Machines Accessed . | . . . . Terminals . | . . . . Fabricators . | . . . . Repair Stations . | . . . . Recycling Units . | . . . . Scanalyzers . | . . . . Garrison Access . | . . . . Total Hacks . | . . . . Successful . | . . . . Failed . | . . . . Catastrophic . | . . . . Database Lockouts . | . . . . Manual . | . . . . Terminals . | . . . . Fabricators . | . . . . Repair Stations . | . . . . Recycling Units . | . . . . Scanalyzers . | . . . . Garrison Access . | . . . . Terminal Hacks . | . . . . Fabricator Hacks . | . . . . Repair Station Hacks . | . . . . Recycling Unit Hacks . | . . . . Scanalyzer . | . . . . Garrison Access Hacks . | . . . . Unauthorized Hacks . | . . . . Terminals . | . . . . Fabricators . | . . . . Repair Stations . | . . . . Recycling Units . | . . . . Scanalyzers . | . . . . Garrison Access . | . . . . Data Cores Recovered . | . . . . Used . | . . . . Hacking Detections . | . . . . Full Trace Events . | . . . . Feedback Events . | . . . . Feedback Blocked . | . . . . Robot Schematics Acquired . | . . . . Robots Built . | . . . . Authchips . | . . . . Time . | . . . . Total Robot Build Rating . | . . . . Part Schematics Acquired . | . . . . Parts Built . | . . . . Authchips . | . . . . Time . | . . . . Total Part Build Rating . | . . . . Parts Repaired . | . . . . Time . | . . . . Parts Recycled . | . . . . Recycled Matter . | . . . . Retrieved Matter . | . . . . Retrieved Components . | . . . . Parts Scanalyzed . | . . . . Part Schematics Acquired . | . . . . Parts Damaged . | . . . . Bothacking | -11 -10 -10 -10 ------------ Run | Yrd Mat Min Sub Used RIF Installer . | . . . . Robots Hacked . | . . . . Non-combat . | . . . . Combat . | . . . . Robot Hacks Applied . | . . . . Relay Couplers Released . | . . . . Fabnet Peak Effective % . | . . . . Robots Rewired . | . . . . Allies Hacked . | . . . . Hacks Repelled . | . . . . Allies | -11 -10 -10 -10 -------- Run | Yrd Mat Min Sub Total Allies 1 | . . 1 . Largest Group 1 | . . 1 . Highest-Rated Group 31 | . . 31 . Highest-Rated Ally 31 | . . 31 . Total Orders . | . . . . Ally Attacks . | . . . . Total Damage . | . . . . Kills . | . . . . Allies Corrupted . | . . . . Allies Melted 1 | . . . 1 Intel | -11 -10 -10 -10 ------- Run | Yrd Mat Min Sub Robot Analysis Total . | . . . . Derelict Logs Recovered 2 | . . 2 . Drone Launches . | . . . . Drone Recoveries . | . . . . Exploration | -11 -10 -10 -10 ------------- Run | Yrd Mat Min Sub Turns Passed 1241 | 448 249 371 173 Spaces Moved 621 | 144 143 253 81 Core 66 | 64 . . 2 Treads . | . . . . Legs 555 | 80 143 253 79 Wheels . | . . . . Hover . | . . . . Flight . | . . . . Fastest Speed 50 | 50 120 120 120 Average Speed 114 | 88 120 120 129 Slowest Speed 400 | 120 120 120 400 Overloaded Moves . | . . . . Propulsion Burnouts . | . . . . Robots Hopped . | . . . . Cave-ins Triggered 1 | . . . 1 Exploration Rate (%) 27 | 10 31 63 7 Regions Visited 3 Branch Regions 2 Pre-discovered Areas 1 | . . 1 . Known Exits Taken . | . . . . Unknown Exits Taken 3 | 1 1 1 . Scrap Searched 3 | . . 2 1 Spaces Dug 1 | . . 1 . Terrain Destroyed 94 | . . 3 91 Melee . | . . . . Projectile 3 | . . 3 . AOE 91 | . . . 91 Terrain Rammed . | . . . . Walls Destroyed . | . . . . Machines Disabled . | . . . . Actions | -11 -10 -10 -10 --------- Run | Yrd Mat Min Sub Total 1055 | 454 176 290 135 Wait 348 | 292 9 14 33 Move 618 | 143 142 252 81 Hop . | . . . . Pick Up 20 | 8 3 7 2 Fast Attach 1 | . . 1 . Attach 9 | 6 . . 3 Detach . | . . . . Swap 4 | . . 3 1 Drop 5 | . . 3 2 Fire 50 | 5 22 10 13 Melee . | . . . . Ram . | . . . . Kick . | . . . . Crush . | . . . . Escape Stasis . | . . . . Rewire . | . . . . Trap . | . . . . Miscellaneous . | . . . . Route ------- -11/Scrapyard -10/Materials (discovered 2 exits: [*Mat] / [*Min]) -10/Mines (discovered 2 exits: [*Mat] / [*Sub]) -10/Subcaves History --------- Turn | Location | Event 2 | -11/Scrapyard | Met Revision 17 66 | -11/Scrapyard | Discovered new exit (range 8) 449 | -11/Scrapyard | Entered Materials 450 | -10/Materials | Build established: Mutant 486 | -10/Materials | Discovered new exit (range 13) 622 | -10/Materials | Discovered new exit (range 3) 698 | -10/Materials | Entered Mines 701 | -10/Mines | Received a Mining Laser from a helpful Derelict 743 | -10/Mines | Learned 2 Materials zone layouts 792 | -10/Mines | Received a Rocket Launcher from a helpful Derelict 816 | -10/Mines | YI-UF0 nonchalantly dropped a Grenade Launcher on the ground 846 | -10/Mines | Discovered new exit (range 6) 942 | -10/Mines | Learned location of Zion (-7) 1037 | -10/Mines | Discovered new exit (range 3) 1069 | -10/Mines | Entered Subcaves 1182 | -10/Subcaves | Crushed by falling debris 1222 | -10/Subcaves | Ambushed by swarm of Subdwellers 1223 | -10/Subcaves | Ambushed by Subdweller buried in earth 1226 | -10/Subcaves | Core integrity fell below 50% 1234 | -10/Subcaves | Ambushed by Subdweller buried in earth 1240 | -10/Subcaves | Core integrity fell below 20% 1242 | -10/Subcaves | Destroyed by AB-8LM(R) with Subdweller Laser Last Messages --------------- ML-G43(R) destroyed. TU-JD4(R) affixes Scrap Shield Fragment to Scrap Shield. The unstable cave ceiling collapses. HV Slug penetrates O1-7MP(R). O1-7MP(R) suffers critical hit (Destroy). O1-7MP(R) destroyed. MC-9J1(R) destroyed. P3-WI6(R) destroyed. NF-622(R) destroyed. Aluminum Leg destroyed. AB-8LM(R): "GOODGOOD!" RL-N5Y(R) affixes Scrap Shield Fragment to Scrap Shield. R8-OUR(h) destroyed. The unstable cave ceiling collapses. Sub. Optics crushed. TU-JD4(R) affixes Scrap Shield Fragment to Scrap Shield. RL-N5Y(R) destroyed. Map ----- +----------------------------------------------------+ | ???????????????????????????????????????????? | | ???????????????????????????????????????????? | | ???????????????????????????????????????????? | | ???????????????????????????????????????????? | | ???????????????????????????????????????????? | | ???????????????????????????????????????????? | | ???????????????????????????????????????????? | | ???????????????????????????????????????????? | | ???????????????????????????????????????????? | | ???????????????????????????????????????????? | | ??????????????????# ?????????????????????? | | ?????????????????? ????????????????????? | | ?????????????????? ???????????????????? | | ?????????????????? ???????????????????? | | ?????????????????? ????????????????????? | | ?????????????????? ????????????????????? | | ?????????????????? ????????????????????? | | ?????????????????? ?????????????????????? | | ??????????????????# ?????????????????????? | | ?????????????????## #?????????????????????? | | ?????????????????# ###???????????????????? | | ???????????????### ;#???????????????????? | | ?????????????### #???????????????????? | | ?????????????# ;#???????????????????? | | ?????????????## ##??????????????????? | | ?????????????# @ ##?????????????????? | | ?????????????##; R #?????????????????? | | ?????????????# ! #????????????????? | | ?????????????# ##??????#########?? | | ?????????????# % ; #?????# ##? | | ?????????????##### [%! ???# ## | | ????????????????? ! ! =%;"## # # | | ?????????????????# ; !R&& =%!&;# ! # | | ?????????????????##;;! %%R%]%=# & # | | ??????????????????### = !R *= & | | ???????????????????# && & & [ | | ???????????????????## " [ # ## | | ?????????????????????# ##? | | ??????????????????????##### " ## ## | | ??????????????????????????# "" ##### | | ?????????????????????????## " #? # | | ?????????????????????????# "" #?# # ## | | ?????????????????????????# " ### #### | | ????????????????? ??##" #?## | | ????????????????? ?### # ## | | ???????????????? "## ### "## | | ????????????????????# ### | | ????????????????????# "" ###" "" | | ????????????????????# ## ### | | ?????????????????????????### | +----------------------------------------------------+ Best States ------------- Heat Dissipation 25 Energy Generation 10 Energy Capacity 250 Matter Stores 399 Matter Capacity 400 Sight Range 16 Terrain Scan Density 10 Evasion (%) 55 Item Schematics ----------------- None Robot Schematics ------------------ None Fabricated ------------ Nothing Alien Tech Used ----------------- None Achievements -------------- Crack Shot Unlikely Earthworm Challenges ------------ None Game ------ Seed TransmissionLegGreatsword Manual? 0 Play Time 00:13:52 Cumulative 1.3 hours Start 2024.05.30 @ 23:12:23 End 2024.05.30 @ 23:27:18 Sessions 1 Manual Loads 0 Difficulty Rogue Special Mode None Game No. 2 Rogue 2 Adventurer 0 Explorer 0 Win Type - Total 0 Types 0/0/0/0/0/0/0/0/0 Lore% 6 Gallery% 4 Achievement% 6 Wizard Run 0 Options --------- Layout 1 ASCII 0 Keyboard 0 Movement Mouse Keybinds 0 Fullscreen 2 Font 32/Tamsyn Map View 50x35 Zoom Use 0% Tactical HUD 0 Map Filters NONE Filters NONE Steam 1 RUN: 456db128-a52d-4269-959d-2032f4fe026c